 Dungeon Crawl Stone Soup version 0.28-a0-973-ga7f8b01127 (webtiles) character file.

Game seed: 14457282828530539601

60772 browni3141 the Quickloader (level 14, -7/117 (124) HPs)
             Began as a Demigod Fighter on Dec 2, 2021.
             Shot with an arrow by a centaur warrior (24 damage)
             ... on level 15 of the Dungeon.
             The game lasted 01:15:19 (36585 turns).

browni3141 the Quickloader (Demigod Fighter)       Turns: 36585, Time: 01:15:20

HP:   -7/117 (124)  AC: 20    Str: 11    XL:     14   Next: 22%
MP:   9/17          EV: 17    Int: 10    God:
Gold: 1152          SH:  0    Dex: 29    Spells: 13/13 levels left

rFire   . . .      SeeInvis .   b - +8 arbalest "Heth" {speed, rPois rF+ Will+++ Str-2}
rCold   + . .      Faith    .   (shield currently unavailable)
rNeg    + . .      Spirit   .   A - +0 scale mail
rPois   +          Reflect  .   r - +0 helmet
rElec   .          Harm     .   Z - +2 cloak
rCorr   +          Rampage  .   v - +2 pair of gloves {infuse}
Will    +++++                   H - +2 pair of boots
Stlth   +.........              m - amulet of the acrobat
HPRegen 0.29/turn               S - ring of ice
MPRegen 0.15/turn               O - ring of the Muttering Priest {rPois rN+ Will++ rCorr Str-4}

@: studying Dodging, drained
A: high mp 1, forlorn, divine attributes
a: no special abilities


You were on level 15 of the Dungeon.
You visited 2 branches of the dungeon, and saw 17 of its levels.

You collected 2492 gold pieces.
You spent 1340 gold pieces at shops.

Inventory:

Hand Weapons
 a - a +2 halberd of venom
 b - the +8 arbalest "Heth" (weapon) {speed, rPois rF+ Will+++ Str-2}
   (You acquired it on level 1 of the Dungeon)

   Attacks with this weapon are significantly faster.
   Str:       It affects your strength (-2).
   rF:        It protects you from fire.
   rPois:     It protects you from poison.
   Will:      It greatly increases your willpower.
 c - a +2 great sword of pain
Missiles
 e - 66 bolts (quivered ammo)
 w - 50 poisoned darts
 B - 8 atropa-tipped darts
 K - 3 throwing nets
 X - 5 curare-tipped darts
Armour
 r - a +0 helmet (worn)
 v - a +2 pair of gloves of infusion (worn)
 x - the +0 pair of gloves of Yplaloal {Fly rPois Regen+ Int-3}
   (You bought it in a shop on level 2 of the Orcish Mines)

   Int:       It affects your intelligence (-3).
   rPois:     It protects you from poison.
   Fly:       It grants you flight.
   Regen:     It increases your rate of health regeneration.
 A - a +0 scale mail (worn)
 H - a +2 pair of boots (worn)
 Z - a +2 cloak (worn)
Jewellery
 d - a ring of magical power
 l - an amulet of guardian spirit
 m - an amulet of the acrobat (around neck)
 n - a ring of magical power
 u - a ring of wizardry
 O - the ring of the Muttering Priest (right hand) {rPois rN+ Will++ rCorr Str-4}
   (You found it on level 6 of the Dungeon)

   [ring of poison resistance]

   Str:       It affects your strength (-4).
   rPois:     It protects you from poison.
   rN:        It protects you from negative energy.
   rCorr:     It protects you from acid and corrosion.
   Will:      It greatly increases your willpower.
 P - a ring of see invisible
 Q - a ring of magical power
 R - a ring of magical power
 S - a ring of ice (left hand)
Wands
 C - a wand of paralysis (7)
 D - a wand of flame (47)
 E - a wand of iceblast (8)
Scrolls
 f - 3 scrolls of amnesia
 o - 2 scrolls of fog
 q - 5 scrolls of enchant armour
 s - a scroll of vulnerability
 y - 4 scrolls of magic mapping
 z - a scroll of teleportation
 N - 3 scrolls of summoning
 T - 2 scrolls of fear
 V - 2 scrolls of noise
Potions
 g - 3 potions of ambrosia
 h - a potion of might
 i - 4 potions of brilliance
 j - 5 potions of curing
 k - 3 potions of attraction
 p - 2 potions of magic
 t - a potion of haste
 F - 3 potions of lignification
 G - 2 potions of flight
 J - 3 potions of berserk rage
 L - 2 potions of degeneration
 M - a potion of resistance
 U - 2 potions of cancellation
 W - a potion of mutation
 Y - a potion of invisibility {unknown}
Miscellaneous
 I - a phial of floods


   Skills:
 * Level 11.0 Fighting
 * Level 3.9 Long Blades
 - Level 7.3 Polearms
 * Level 13.5 Crossbows
 * Level 10.9 Armour
 * Level 11.0 Dodging
 - Level 3.5 Shields


You had 13 spell levels left.
You didn't know any spells.
Your spell library contained the following spells:

 Spells                   Type           Power      Damage    Failure   Level
 Animate Skeleton         Necr           0%         N/A       83%         1
 Beastly Appendage        Tmut           0%         N/A       83%         1
 Pain                     Necr           0%         1d4       83%         1
 Slow                     Hex            0%         N/A       83%         1
 Ensorcelled Hibernation  Hex/Ice        0%         N/A       93%         2
 Static Discharge         Conj/Air       0%         N/A       93%         2
 Wereblood                Tmut           0%         N/A       93%         2
 Confusing Touch          Hex            0%         N/A       99%         3
 Spider Form              Tmut/Pois      0%         N/A       99%         3
 Vampiric Draining        Necr           0%         2d6       99%         3
 Lightning Bolt           Conj/Air       0%         1d11      100%        5
 Yara's Violent Unravell  Hex/Tmut       0%         3d3       100%        5
 Maxwell's Capacitive Co  Air            0%         ∞         100%        8


Dungeon Overview and Level Annotations

Branches:
Dungeon (15/15)            Temple (0/1) D:5            Lair (0/6) D:8
    Orc (2/2) D:10            Elf (0/3) Orc:2        Vaults (0/5) D:13
 Depths: D:15

Shops:
D:1 ?   Orc:2 :([[

Annotations:
D:13 2 runed translucent doors, McGhostyFace's ghost, journeyman GnWz


Innate Abilities, Weirdness & Mutations

You have an increased reservoir of magic. (+10% MP)
You shall have no god before yourself.
Your divine heritage dramatically boosts your attributes as you level up.


Message History

The centaur warrior shoots an arrow.
The arrow closely misses you.
The centaur warrior shoots an arrow.
The arrow hits you but does no damage.
The centaur warrior shoots an arrow.
The arrow barely misses you.
The centaur warrior shoots an arrow.
The arrow hits you.
* * * LOW HITPOINT WARNING * * *
The centaur warrior shoots an arrow.
The arrow hits you.
* * * LOW HITPOINT WARNING * * *
The centaur warrior shoots an arrow.
The arrow closely misses you.
Your +2 halberd of venom stops dripping with poison.
You feel weaker.
Your hands tingle!
b - the +8 arbalest "Heth" (weapon)
{speed, rPois rF+ Will+++ Str-2} You are too injured to fight recklessly!
Fire: 68 bolts
Press: ? - help, Q - select action, (/) - cycle Shift-Dir - straight line, f - centaur warrior
Aim: a centaur warrior, wielding a +0 longbow and quivering arrows (moderately wounded, very poisoned, 82% to hit)
You shoot a bolt. The bolt hits the centaur warrior!
The centaur warrior is heavily wounded.
The centaur warrior shoots an arrow.
The arrow closely misses you.
The centaur warrior shoots an arrow.
The arrow hits you!!
* * * LOW HITPOINT WARNING * * *
Fire: 67 bolts
Press: ? - help, Q - select action, (/) - cycle Shift-Dir - straight line, f/p - centaur warrior
Aim: a centaur warrior, wielding a +0 longbow and quivering arrows (heavily wounded, very poisoned, 82% to hit)
Okay, then.
You feel better.
Aiming: Paralyse
Press: ? - help, Shift-Dir - straight line, f/p - centaur warrior
Aim: a centaur warrior, wielding a +0 longbow and quivering arrows (heavily wounded, very poisoned, chance to affect: 28%)
Okay, then.
Fire: 67 bolts
Press: ? - help, Q - select action, (/) - cycle Shift-Dir - straight line, f/p - centaur warrior
Aim: a centaur warrior, wielding a +0 longbow and quivering arrows (heavily wounded, very poisoned, 82% to hit)
You shoot a bolt. The bolt hits the centaur warrior.
The centaur warrior is heavily wounded.
The centaur warrior shoots an arrow.
The arrow hits you!
* * * LOW HITPOINT WARNING * * *
Unknown command.
You feel better.
The centaur warrior shoots an arrow.
The arrow hits you!!
You die...

#P≈P≈≈≈≈≈≈≈≈.#
#≈≈≈P≈≈P≈≈≈≈.# #
#≈≈≈≈..≈≈≈P≈.#.#
.≈.≈...≈≈≈≈(.#.#
.............#.#
.......((......#
..#######c....##
#....######### ###
......##.@.......#######..
########..######.......#..
##.)# #######.... #...#
###.. #.#.# #.. #.#.#
####..
#....###########.....
#......###..........####
##.8..##...##########...


You could see a centaur warrior (very poisoned).

Vanquished Creatures
  Rupert (D:12)
  Gastronok (Orc:1)
  Agnes (D:14)
  3 orc warlords (Orc:1)
  Louise (D:14)
  Snorg (D:14)
  Josephine (Orc:1)
  2 boulder beetles (D:14)
  3 hydras
  4 centaur warriors
  10 two-headed ogres
  An ogre mage (Orc:2)
  A death knight (D:13)
  2 tengu warriors
  5 orc high priests
  Nergalle (D:11)
  A wizard (D:15)
  8 orc knights
  3 orc sorcerers (Orc:2)
  6 ugly things
  2 manticores
  2 deep elf pyromancers
  A guardian serpent (shapeshifter) (D:9)
  An elephant (shapeshifter) (D:13)
  Maurice (D:12)
  3 cyclopes
  An unseen horror (D:9)
  2 gargoyles
  A freezing wraith (D:14)
  2 tengu conjurers
  8 trolls
  A raiju (shapeshifter) (D:13)
  Grinder (D:6)
  24 slime creatures
  A dream sheep (shapeshifter) (D:13)
  2 shadows (D:13)
  A water elemental (D:15)
  8 yaks
  5 wraiths (Orc:1)
  6 humans
  Grum (D:9)
  2 basilisks
  5 vampire mosquitoes
  5 steam dragons
  Edmund (D:6)
  3 wargs (Orc:1)
  2 acid dragons
  A water moccasin (D:5)
  Duvessa (D:5)
  41 orc warriors
  A sky beast (D:6)
  A meliai simulacrum (D:15)
  2 black bears (D:5)
  A necrophage (D:5)
  3 ogres
  An ice beast (D:7)
  4 wolves
  19 centaurs
  A phantom (D:4)
  A kobold brigand (D:11)
  Blork the orc (Orc:2)
  2 bullfrogs
  2 scorpions (D:6)
  2 gnoll sergeants
  A wyvern zombie (D:6)
  Dowan (D:5)
  3 killer bees (D:9)
  A wight (D:10)
  3 electric eels
  3 howler monkeys (D:11)
  3 centaur zombies
  A bullfrog zombie (D:6)
  3 bullfrog skeletons
  A hound (D:5)
  2 gnoll shamans
  29 orc priests
  3 jellies
  4 iguanas (D:5)
  18 orc wizards
  A hound zombie (D:5)
  A hound skeleton (D:5)
  2 howler monkey zombies (D:9)
  15 gnolls
  A howler monkey skeleton (D:7)
  6 adders
  2 shadow imps
  4 dart slugs
  96 orcs
  7 ball pythons
  9 bats
  6 endoplasms
  2 giant cockroaches
  12 goblins
  7 hobgoblins
  15 kobolds
  4 quokkas
  4 frilled lizards
  7 rats
509 creatures vanquished.

Vanquished Creatures (collateral kills)
  An orc knight (Orc:2)
  A warg (Orc:2)
  An orc warrior (Orc:2)
  An orc (Orc:2)
4 creatures vanquished.

Vanquished Creatures (others)
  An orc sorcerer (Orc:2)
  3 orc warriors (Orc:2)
  A centaur (D:14)
  5 orcs
  9 plants (D:15)
19 creatures vanquished.

Grand Total: 532 creatures vanquished

Notes
Turn   | Place    | Note
-------+----------+-------------------------------------------
     0 | D:1      | browni3141 the Demigod Fighter began the quest for the Orb.
     0 | D:1      | Reached XP level 1. HP: 18/18 MP: 3/3
   272 | D:1      | Found Qakh's Magic Scroll Shoppe.
   348 | D:1      | Reached XP level 2. HP: 25/25 MP: 4/4
   607 | D:1      | Reached skill level 1 in Dodging
   946 | D:1      | Reached XP level 3. HP: 31/31 MP: 5/5
  1875 | D:3      | Reached XP level 4. HP: 14/38 MP: 2/6
  3412 | D:3      | Identified a scroll of acquirement
  3716 | D:4      | Acquired 1012 gold pieces
  4692 | D:1      | Bought a scroll of acquirement for 572 gold pieces
  4692 | D:1      | Acquired the +8 arbalest "Heth" {speed, rPois rF+ Will+++
                  | Str-2}
  4700 | D:1      | Bought a scroll of identify for 22 gold pieces
  4700 | D:1      | Bought a scroll of identify for 22 gold pieces
  4700 | D:1      | Bought a scroll of identify for 22 gold pieces
  4700 | D:1      | Bought a scroll of magic mapping for 38 gold pieces
  4700 | D:1      | Bought a scroll of identify for 22 gold pieces
  4700 | D:1      | Bought a scroll of enchant armour for 82 gold pieces
  4700 | D:1      | Bought a scroll of identify for 22 gold pieces
  4700 | D:1      | Bought a scroll of identify for 22 gold pieces
  4857 | D:5      | Entered Level 5 of the Dungeon
  4858 | D:5      | Noticed a steam dragon
  4865 | D:5      | Killed a steam dragon
  4866 | D:5      | Reached XP level 5. HP: 41/46 MP: 7/7
  4877 | D:5      | Noticed a water moccasin
  4913 | D:4      | Reached XP level 6. HP: 14/52 MP: 8/8
  5565 | D:3      | Reached skill level 1 in Crossbows
  5689 | D:5      | Noticed a troll
  5957 | D:5      | Reached skill level 2 in Crossbows
  6068 | D:5      | Reached skill level 3 in Crossbows
  6204 | D:5      | Reached XP level 7. HP: 48/59 MP: 9/9
  6264 | D:5      | Reached skill level 4 in Crossbows
  6358 | D:5      | Reached skill level 5 in Crossbows
  6384 | D:5      | Killed a troll
  6385 | D:5      | Reached skill level 6 in Crossbows
  6753 | D:5      | Noticed Dowan
  6755 | D:5      | Noticed Duvessa
  6759 | D:5      | Killed Duvessa
  6760 | D:5      | Reached XP level 8. HP: 66/66 MP: 10/10
  6761 | D:5      | Killed Dowan
  6762 | D:5      | Reached skill level 7 in Crossbows
  7392 | D:5      | Found a staircase to the Ecumenical Temple.
  7586 | D:6      | Reached skill level 8 in Crossbows
  7910 | D:6      | Noticed Grinder
  7919 | D:6      | Killed Grinder
  7920 | D:6      | Reached skill level 9 in Crossbows
  7954 | D:6      | Identified the ring of the Muttering Priest {rPois rN+
                  | Will++ rCorr Str-4}
  8236 | D:6      | Noticed Edmund
  8246 | D:6      | Killed Edmund
  8247 | D:6      | Reached XP level 9. HP: 49/71 MP: 11/11
  8483 | D:6      | Reached skill level 10 in Crossbows
  9101 | D:7      | Reached skill level 11 in Crossbows
 10441 | D:8      | Noticed a two-headed ogre
 10447 | D:8      | Killed a two-headed ogre
 10448 | D:8      | Reached skill level 12 in Crossbows
 10448 | D:8      | Reached XP level 10. HP: 72/79 MP: 13/13
 10719 | D:8      | Found a staircase to the Lair.
 11337 | D:8      | Noticed a blizzard demon
 11719 | D:9      | Reached skill level 1 in Polearms
 11952 | D:9      | Noticed a guardian serpent
 11952 | D:9      | a jumping spider changed into a guardian serpent
 11963 | D:9      | Killed a guardian serpent
 12270 | D:9      | Reached skill level 5 in Fighting
 12272 | D:9      | Noticed Grum
 12287 | D:9      | Reached skill level 5 in Armour
 12721 | D:9      | Killed Grum
 13537 | D:10     | Entered Level 10 of the Dungeon
 14236 | D:10     | Found a staircase to the Orcish Mines.
 14277 | D:10     | Identified the +2 buckler of Bitson {Rampage rElec Str-2
                  | Int-4}
 14518 | D:10     | Identified the +3 leather armour of Rihist {Will+ Regen+
                  | Int+3}
 14964 | D:10     | Reached skill level 5 in Dodging
 14964 | D:10     | Reached XP level 11. HP: 49/89 MP: 14/14
 15453 | Orc:1    | Entered Level 1 of the Orcish Mines
 15789 | Orc:2    | Entered Level 2 of the Orcish Mines
 15789 | Orc:2    | Noticed Blork the orc
 15789 | Orc:2    | Noticed an orc knight
 15789 | Orc:2    | Noticed a +7 great sword
 15789 | Orc:2    | Noticed an orc knight
 16180 | Orc:1    | Noticed Gastronok
 16193 | Orc:1    | Killed Gastronok
 16280 | Orc:1    | Noticed Josephine
 16291 | Orc:1    | Killed Josephine
 16422 | Orc:1    | Reached skill level 5 in Polearms
 18218 | Orc:2    | Noticed a two-headed ogre
 18224 | Orc:2    | Killed a two-headed ogre
 18224 | Orc:2    | Noticed a two-headed ogre
 18226 | Orc:2    | Noticed an ogre mage
 18230 | Orc:2    | Noticed a two-headed ogre
 18326 | Orc:2    | Noticed a two-headed ogre
 18344 | Orc:1    | Killed a two-headed ogre
 18353 | Orc:1    | Killed a two-headed ogre
 18549 | Orc:2    | Noticed a two-headed ogre
 18569 | Orc:1    | Killed a two-headed ogre
 18809 | Orc:2    | Killed Blork the orc
 18939 | Orc:1    | Killed an orc knight
 19156 | Orc:2    | HP: 2/92 [orc knight/bolt (21)]
 19455 | Orc:1    | Killed an orc knight
 20122 | Orc:2    | Killed a two-headed ogre
 20123 | Orc:2    | Reached XP level 12. HP: 91/101 MP: 15/15
 20125 | Orc:2    | Killed an ogre mage
 20345 | Orc:2    | Found a staircase to the Elven Halls.
 20534 | Orc:2    | Noticed an orc warlord
 23300 | Orc:2    | Noticed an orc warlord
 23305 | Orc:2    | Noticed an orc warlord
 23407 | Orc:1    | Killed an orc warlord
 25469 | Orc:2    | Found Juzeq's Antique Weapon Boutique.
 25472 | Orc:2    | Found Zasutegi's Armour Shop.
 25473 | Orc:2    | Found Ytua's Book Boutique.
 25474 | Orc:2    | Found Meustrut's Armour Boutique.
 25484 | Orc:2    | Bought a +2 pair of gloves of infusion for 344 gold pieces
 25734 | Orc:2    | Bought the +0 pair of gloves of Yplaloal {Fly rPois Regen+
                  | Int-3} for 172 gold pieces
 26115 | Orc:1    | Killed an orc warlord
 26187 | Orc:1    | Killed an orc warlord
 26188 | Orc:1    | Reached XP level 13. HP: 67/111 MP: 11/16
 26500 | D:11     | Noticed Nergalle
 26511 | D:11     | Killed Nergalle
 27777 | D:12     | Noticed Maurice
 27784 | D:12     | Killed Maurice
 28105 | D:12     | Noticed Rupert
 28115 | D:12     | Killed Rupert
 28296 | D:12     | Reached skill level 10 in Fighting
 29012 | D:13     | Reached skill level 10 in Armour
 29381 | D:13     | Found a large runed translucent door.
 29381 | D:13     | Found a large runed translucent door.
 29382 | D:13     | Noticed McGhostyFace's ghost (journeyman GnWz)
 29569 | D:13     | Found a gate to the Vaults.
 30054 | D:13     | Reached skill level 13 in Crossbows
 30186 | D:13     | Identified the +0 ring mail of Ruoku {Int+3}
 30747 | D:14     | Noticed Agnes
 30755 | D:14     | Killed Agnes
 31156 | D:14     | Reached skill level 10 in Dodging
 31323 | D:14     | Acquired a manual of Dodging
 32064 | D:14     | Noticed Snorg
 32084 | D:14     | Killed Snorg
 34116 | D:14     | Reached XP level 14. HP: 65/122 MP: 8/17
 34628 | D:15     | Entered Level 15 of the Dungeon
 35616 | D:15     | Noticed Louise
 35642 | D:14     | Killed Louise
 36564 | D:15     | Identified the +8 trident "Habuig" {drain, Will+}
 36585 | D:15     | Shot with an arrow by a centaur warrior

Illustrated notes

Levels and vault maps discovered:
D:1:      minmay_arrival_radiant_lines, layout_loops_ring, serial_shops,
          nicolae_lakefront_shop, nrook_campfire, minmay_misc_feat_square,
          minmay_3d_cube
D:2:      layout_loops_ring, hellmonk_ecumenical_altar_heavens_door,
          minmay_misc_feat_cross
D:3:      layout_basic, kennysheep_cross_room
D:4:      layout_loops_ring, elyvilon_altar_5
D:5:      layout_loops_ring, trog_hazing_becter, minmay_temple_entry_fiery,
          uniq_duvessa
D:6:      layout_rooms, nicolae_uskayaw_dance_hall, uniq_grinder, uniq_edmund
D:7:      layout_loops_ring, minmay_ruffians
D:8:      layout_loops_cross, makhleb_altar_promises_db,
          mainiacjoe_overflow_big_doors, lair_entry_dummy
D:9:      layout_loops_ring, nicolae_overflow_hallway_of_the_gods,
          lemuel_zombie_altar_yredelemnul, minmay_door_square, uniq_grum
D:10:     layout_basic, david_orc_4, serial_glass, glass_columns_a,
          glass_columns_b, minmay_holes, kennysheep_generic_room_6
D:11:     layout_roguey, uniq_nergalle
D:12:     layout_rooms, uniq_rupert, uniq_maurice
D:13:     layout_irregular_city, david_vaults_2, ebering_ghost_disaster_area
D:14:     layout_stronghold, solitary_fountain, uniq_agnes, uniq_snorg
D:15:     grunt_enter_depths_hoard, layout_rooms, serial_bayou_shore_a,
          uniq_louise
Orc:1:    layout_caves, mines_bat_river, uniq_josephine, uniq_gastronok
Orc:2:    st_orc_pillars, layout_caves, basic_altar, sword_in_stone

Skill      XL: |  1  2  3  4  5  6  7  8  9 10 11 12 13 14 |
---------------+-------------------------------------------+-----
Fighting       | 3 4 5 7 9 10 11 | 11.0
Armour         | 3 4 5 7 9 10 | 10.9
Dodging        | 1 2 5 7 8 10 11 | 11.0
Shields        | 3 |  3.5
Crossbows      | 3 6 9 12 13 | 13.5
Polearms       | 3 6 7 |  7.3
Long Blades    | 3 |  3.9

Action                   |  1- 3 |  4- 6 |  7- 9 | 10-12 | 13-15 || total
-------------------------+-------+-------+-------+-------+-------++-------
Melee: Long sword        |   111 |   242 |   278 |    22 |       ||   653
       Halberd           |       |       |       |   764 |   354 ||  1118
       Arbalest          |       |       |       |     2 |       ||     2
       Great sword       |       |       |       |       |    77 ||    77
       Great mace        |       |       |       |       |    14 ||    14
 Fire: Arbalest          |       |    15 |   110 |   273 |   185 ||   583
Throw: Throwing net      |     1 |       |       |     2 |       ||     3
       Dart              |       |       |     2 |     1 |       ||     3
Evoke: Wand              |       |     1 |       |    18 |       ||    19
       Phial of floods   |       |       |       |     1 |       ||     1
  Use: Potion            |     2 |       |       |     5 |     2 ||     9
       Scroll            |     1 |    11 |     1 |     6 |     7 ||    26
 Stab: Distracted        |       |       |       |     1 |       ||     1
Armor: Scale mail        |    56 |   134 |   187 |   396 |   315 ||  1088
       Skin              |       |       |       |     6 |       ||     6
Dodge: Dodged            |    56 |   130 |   232 |   656 |   655 ||  1729
Block: Buckler           |    19 |    48 |       |       |       ||    67

Table legend: (Time is in decaauts)
 A = Elapsed time spent in this place.
 B = Non-inter-level travel time spent in this place.
 C = Inter-level travel time spent in this place.
 D = Time resting spent in this place.
 E = Time spent auto-exploring this place.
 F = Levels seen in this place.
 G = Mean time per level.
                   A        B        C        D        E       F      G
               +--------+--------+--------+--------+--------+-----+--------+
         Total |  37029 |  35308 |   1721 |   8913 |  18651 |  17 | 2178.2 |
       Dungeon |  26128 |  24971 |   1157 |   5377 |  14520 |  15 | 1741.9 |
  Orcish Mines |  10900 |  10337 |    563 |   3535 |   4130 |   2 | 5450.0 |
               +--------+--------+--------+--------+--------+-----+--------+

Top non-repeatable levels by time:
   Orc:2: 5678 daAuts
   Orc:1: 5221 daAuts
    D:14: 4496 daAuts
     D:5: 2131 daAuts
    D:13: 2112 daAuts
     D:9: 2058 daAuts
    D:10: 1913 daAuts
     D:4: 1901 daAuts
     D:3: 1765 daAuts
    D:12: 1448 daAuts
     D:7: 1414 daAuts
     D:2: 1325 daAuts
     D:1: 1226 daAuts
     D:8: 1149 daAuts
    D:11: 1116 daAuts
